 Dungeon Crawl Stone Soup version 0.27-a0-1065-ge809cff456 (webtiles) character file.

Game seed: 2922038626644334941

1169 kae the Ruffian (level 8, -20/63 HPs)
             Began as a Purple Draconian Transmuter on Apr 22, 2021.
             Demolished by a two-headed ogre
             ... wielding a +0 dire flail
              (28 damage)
             ... on level 6 of the Dungeon.
             The game lasted 00:05:06 (7506 turns).

kae the Ruffian (Purple Draconian Transmuter)       Turns: 7506, Time: 00:05:07

Health: -20/63     AC:  6    Str: 13    XL:     8   Next: 17%
Magic:  14/14      EV: 13    Int: 15    God:
Gold:   186        SH:  0    Dex: 12    Spells: 7/15 levels left

rFire    + . .     SeeInvis .     - Unarmed
rCold    + . .     Faith    .   (no shield)
rNeg     . . .     Spirit   .   (armour unavailable)
rPois    +         Reflect  .   (helmet restricted)
rElec    +         Harm     .   (no cloak)
rCorr    +         Rampage  .   (no gloves)
Will     +....                  (no boots)
Stlth    +.........             (no amulet)
HPRegen  0.20/turn              (no ring)
MPRegen  0.14/turn              (no ring)

@: resistant
A: breathe power, AC +6, unfitting armour, cold-blooded
a: Breathe Dispelling Energy


You were on level 6 of the Dungeon.
You visited 1 branch of the dungeon, and saw 6 of its levels.

You collected 186 gold pieces.

Inventory:

Jewellery
 h - an amulet of faith
Wands
 k - a wand of paralysis (5)
Scrolls
 b - a scroll of enchant armour
 f - a scroll of amnesia
Potions
 a - a potion of invisibility
 c - a potion of degeneration
 e - a potion of mutation
 g - a potion of resistance
 i - a potion of flight {unknown}
 j - 2 potions of attraction {unknown}
 l - a potion of cancellation {unknown}


   Skills:
 + Level 3.4 Fighting
 + Level 3.4 Dodging
 * Level 5.5 Unarmed Combat
 + Level 4.3 Spellcasting
 * Level 4.9 Transmutations
 * Level 3.4 Ice Magic
 - Level 2.0 Poison Magic


You had 7 spell levels left.
You knew the following spells:

 Your Spells              Type           Power      Damage    Failure   Level
a - Beastly Appendage     Tmut           36%        N/A       2%          1
b - Spider Form           Tmut/Pois      6%         N/A       13%         3
c - Ice Form              Ice/Tmut       15%        N/A       30%         4

Your spell library contained the following spells:

 Spells                   Type           Power      Damage    Failure   Level
 Wereblood                Tmut           18%        N/A       3%          2
 Corona                   Hex            3%         N/A       17%         1
 Slow                     Hex            3%         N/A       26%         2
 Inner Flame              Hex/Fire       3%         N/A       45%         3
 Portal Projectile        Hex/Tloc       6%         N/A       45%         3
 Hydra Form               Tmut           9%         N/A       54%         5
 Cause Fear               Hex            1%         N/A       86%         4
 Leda's Liquefaction      Hex/Erth       1%         N/A       86%         4


Dungeon Overview and Level Annotations

Branches:
Dungeon (6/15)
 Temple: D:4-7

Altars:
Vehumet

Shops:
D:1 [


Innate Abilities, Weirdness & Mutations

You can breathe bolts of dispelling energy.
Your rich purple scales are hard. (AC +6)
You cannot fit into any form of body armour.
You are cold-blooded and may be slowed by cold attacks.


Message History

You kill the adder!
There is an open door, spattered with blood here.
You see here an adder corpse.
A two-headed ogre is nearby!
You hit the two-headed ogre.
The two-headed ogre is poisoned.
The two-headed ogre is lightly wounded.
The two-headed ogre closely misses you. The two-headed ogre barely misses you.
You bite the two-headed ogre!
The two-headed ogre is lightly wounded.
You hit the two-headed ogre.
The two-headed ogre looks as sick as possible!
The two-headed ogre is moderately wounded.
The two-headed ogre misses you.
The two-headed ogre hits you with a +0 giant club!!
You hit the two-headed ogre but do no damage.
The two-headed ogre is moderately wounded.
The two-headed ogre completely misses you.
The two-headed ogre hits you with a +0 giant club!
There is an open door, spattered with blood here.
You see here an adder corpse.
Your transformation is almost over.
There is a stone staircase leading up here.
You hit the two-headed ogre but do no damage.
The two-headed ogre looks as sick as possible!
The two-headed ogre is heavily wounded.
Your transformation has ended.
The two-headed ogre hits you with a +0 dire flail!!
* * * LOW HITPOINT WARNING * * *
The two-headed ogre closely misses you.
Abil: Breathe Dispelling Energy
Press: ? - help, Q - select action, (/) - cycle Shift-Dir - straight line, f - two-headed ogre
Aim: a two-headed ogre, wielding a +0 dire flail and a +0 giant club (heavily wounded, extremely poisoned)
You fail to use your ability.
Okay, then.
Okay, then.
It was a potion of resistance.
You feel protected. The two-headed ogre barely misses you.
The two-headed ogre hits you with a +0 giant club!!
You die...

##..##...##..###
##..##.........#
#..............#
#..............+
######...###..##
##..##†#####..####
...........#.....#
......[....#...O.#
....[......#....@#
...........#.....#
...........#.....#
##..##.##.###...##
#.. ### .# #####
... .


You could see a two-headed ogre (extremely poisoned).

Vanquished Creatures
  Eustachio (D:4)
  An ice beast (D:5)
  An ogre (D:5)
  A centaur (D:5)
  2 phantoms
  2 scorpions
  A centaur zombie (D:5)
  A hound (D:5)
  A bullfrog skeleton (D:5)
  An orc priest (D:5)
  4 iguanas
  A scorpion zombie (D:5)
  4 orc wizards
  A howler monkey skeleton (D:4)
  4 adders
  3 gnolls (D:5)
  An adder skeleton (D:4)
  A dart slug (D:2)
  19 orcs
  3 ball pythons
  10 endoplasms
  2 giant cockroaches
  4 goblins
  6 hobgoblins
  2 jackals (D:2)
  5 kobolds
  3 quokkas
  5 bats
  2 frilled lizards (D:3)
  A quokka skeleton (D:4)
  6 rats
99 creatures vanquished.

Notes
Turn   | Place    | Note
-------+----------+-------------------------------------------
     0 | D:1      | kae the Draconian Transmuter began the quest for the Orb.
     0 | D:1      | Reached XP level 1. HP: 16/16 MP: 3/3
   304 | D:1      | Found Xux Vuz's Armour Shop.
   426 | D:1      | Reached XP level 2. HP: 23/23 MP: 3/5
  1612 | D:2      | Reached XP level 3. HP: 15/28 MP: 4/6
  2172 | D:2      | Learned a level 3 spell: Spider Form
  2420 | D:3      | Noticed a phantom
  2583 | D:4      | Reached XP level 4. HP: 17/36 MP: 4/7
  2789 | D:4      | Noticed a scorpion
  3067 | D:3      | Killed a phantom
  3068 | D:3      | Reached skill level 1 in Poison Magic
  3068 | D:3      | Reached XP level 5. HP: 14/41 MP: 4/8
  3650 | D:3      | Reached skill level 4 in Unarmed Combat
  4442 | D:3      | Found a faded altar of an unknown god.
  4526 | D:4      | Learned a level 4 spell: Ice Form
  4787 | D:4      | Noticed a phantom
  4812 | D:4      | Killed a phantom
  4813 | D:4      | Reached XP level 6. HP: 14/48 MP: 7/10
  5164 | D:4      | Reached skill level 1 in Ice Magic
  5264 | D:4      | Found a radiant altar of Vehumet.
  5356 | D:4      | Noticed Eustachio
  5379 | D:4      | Killed Eustachio
  5380 | D:4      | Your scales start taking on a rich purple colour.
  5380 | D:4      | Reached XP level 7. HP: 31/56 MP: 9/12
  5714 | D:5      | Entered Level 5 of the Dungeon
  5892 | D:5      | Reached skill level 5 in Unarmed Combat
  6152 | D:5      | Identified the +11 quarterstaff "Ninaxtas" {holy, rPois}
  6166 | D:5      | HP: 2/57 [something (12)]
  6898 | D:5      | Reached XP level 8. HP: 55/63 MP: 10/14
  7484 | D:6      | Noticed a two-headed ogre
  7506 | D:6      | Demolished by a two-headed ogre

Illustrated notes

Levels and vault maps discovered:
D:1:      ncdulo_smallfort, layout_loops_ring, serial_shops, shop,
          kennysheep_small_spiral
D:2:      layout_basic
D:3:      wander_river, layout_rooms, hellmonk_ecumenical_altar_inner_sanctum
D:4:      layout_cave_pools, nicolae_vehumet_radiance, kennysheep_boxes,
          uniq_eustachio
D:5:      layout_basic
D:6:      layout_gridville, chequers_temple_overflow_statue_of_worship,
          minmay_temple_entry_mist, lemuel_old_faithful, uniq_pikel

Skill      XL: |  1  2  3  4  5  6  7 |
---------------+----------------------+-----
Dodging        | 2 3 |  3.4
Fighting       | 2 3 |  3.4
Transmutations | 3 4 |  4.9
Poison Magic   | 1 2 |  2.0
Unarmed Combat | 4 5 |  5.5
Ice Magic      | 2 3 |  3.4
Spellcasting   | 3 4 |  4.3

Action                   |  1- 3 |  4- 6 |  7- 9 || total
-------------------------+-------+-------+-------++-------
Melee: Unarmed           |   102 |   133 |   105 ||   340
       Kick              |     8 |    17 |       ||    25
       Headbutt          |     7 |    10 |       ||    17
       Tailslap          |     6 |     5 |     1 ||    12
       Punch             |     1 |       |     1 ||     2
 Cast: Beastly Appendage |    21 |    15 |       ||    36
       Spider Form       |     1 |     9 |    16 ||    26
 Abil: Breathe Dispellin |       |       |     4 ||     4
  Use: Scroll            |     2 |     4 |     5 ||    11
       Potion            |       |       |     2 ||     2
 Stab: Sleeping          |       |     1 |       ||     1
Armor: Skin              |    30 |    26 |     5 ||    61
Dodge: Dodged            |    99 |   102 |    93 ||   294

Table legend: (Time is in decaauts)
 A = Elapsed time spent in this place.
 B = Non-inter-level travel time spent in this place.
 C = Inter-level travel time spent in this place.
 D = Time resting spent in this place.
 E = Time spent auto-exploring this place.
 F = Levels seen in this place.
 G = Mean time per level.
                   A        B        C        D        E       F      G
               +--------+--------+--------+--------+--------+-----+--------+
         Total |   7538 |   7386 |    152 |    893 |   5540 |   6 | 1256.3 |
       Dungeon |   7538 |   7386 |    152 |    893 |   5540 |   6 | 1256.3 |
               +--------+--------+--------+--------+--------+-----+--------+

Top non-repeatable levels by time:
     D:5: 1717 daAuts
     D:4: 1601 daAuts
     D:2: 1490 daAuts
     D:3: 1451 daAuts
     D:1: 1213 daAuts
     D:6: 64 daAuts
